 Dungeon Crawl Stone Soup version 0.28.0-45-g0d030f2227 (webtiles) character file.

Game seed: 13405170399827000648

48856 Kaptain the Geomancer (level 14, -3/92 HPs)
             Began as a Gargoyle Earth Elementalist on Mar 30, 2022.
             Slain by a blink frog (19 damage)
             ... on level 4 of the Lair of Beasts.
             The game lasted 00:43:20 (26182 turns).

Kaptain the Geomancer (GrEE)                       Turns: 26182, Time: 00:43:22

Health: -3/92      AC:  0    Str: 14    XL:     14   Next: 48%
Magic:  20/28      EV: 16    Int: 19    God:
Gold:   1117       SH:  0    Dex: 10    Spells: 29/33 levels left

rFire   . . .      SeeInvis .   (weapon currently unavailable)
rCold   . . .      Faith    .   (shield currently unavailable)
rNeg    + . .      Spirit   .   (armour currently unavailable)
rPois   ∞          Reflect  .   (helmet currently unavailable)
rElec   .          Harm     .   (cloak currently unavailable)
rCorr   .          Rampage  .   (gloves currently unavailable)
Will    +....                   (boots currently unavailable)
Stlth   ++........              (no amulet)
HPRegen 0.25/turn               (ring currently unavailable)
MPRegen 0.21/turn               (ring currently unavailable)

@: pig-form, spiked, slowed
A: fast, no casting, sickness immunity, AC +10, small, (big wings), negative
energy resistance 1, (electricity resistance), torment resistance 1,
petrification resistance
a: no special abilities


You were on level 4 of the Lair of Beasts.
You were a filthy swine.
You visited 2 branches of the dungeon, and saw 17 of its levels.
You also visited: Ossuary and Ice Cave.

You collected 1117 gold pieces.

Inventory:

Hand Weapons
 d - a +2 morningstar of flaming
 l - a +2 short sword of venom
 r - the +10 rapier "Faocidgh" (melded) {vamp, Str+5 Stlth+}
   (You found it on level 2 of the Lair of Beasts)

   It occasionally heals its wielder for a portion of the damage dealt when it
   wounds a living foe.
   Str:       It affects your strength (+5).
   Stlth:     It makes you more stealthy.
 v - a +0 hunting sling
 R - the +4 long sword "Ycziap" {flame, rC+ rN+ Will- Stlth+}
   (You found it on level 5 of the Lair of Beasts)

   It burns those it strikes, dealing additional fire damage.
   Big, fiery blades are also staple armaments of hydra-hunters.
   rC:        It protects you from cold.
   rN:        It protects you from negative energy.
   Will:      It decreases your willpower.
   Stlth:     It makes you more stealthy.
Missiles
 c - 75 stones
 o - 68 sling bullets
Armour
 e - a +1 pair of gloves (melded)
 f - a +0 helmet (melded)
 i - +0 steam dragon scales (melded)
 J - a +2 cloak
 L - a +0 kite shield (melded)
 Q - a scarf of resistance (melded)
Magical Staves
 g - a staff of earth
 z - a staff of fire
Jewellery
 p - a ring of resist corrosion (melded)
 A - a ring of protection from cold (melded)
 B - a ring of ice
Wands
 m - a wand of paralysis (7)
 y - a wand of iceblast (3)
 D - a wand of polymorph (8)
 I - a wand of acid (1)
Scrolls
 a - 3 scrolls of summoning
 b - 2 scrolls of immolation
 k - 4 scrolls of amnesia
 t - 3 scrolls of enchant weapon
 u - a scroll of magic mapping
 w - 4 scrolls of teleportation
 C - a scroll of identify
 E - 6 scrolls of fog
 G - 4 scrolls of enchant armour
 H - a scroll of torment
 N - a scroll of blinking
Potions
 h - 4 potions of cancellation
 j - 11 potions of curing
 n - a potion of flight
 q - 2 potions of brilliance
 x - 5 potions of mutation
 F - a potion of magic
 M - 4 potions of haste
 O - a potion of lignification
 P - a potion of berserk rage {unknown}
Miscellaneous
 K - a phantom mirror


   Skills:
 * Level 12.0 Fighting
 + Level 8.4 Armour
 + Level 6.8 Dodging
 - Level 2.1 Stealth
 + Level 6.1 Shields
 * Level 10.4 Spellcasting
 * Level 12.0 Conjurations
 - Level 0.7 Transmutations
 * Level 13.5 Earth Magic


You had 29 spell levels left.
You knew the following spells:

 Your Spells              Type           Power      Damage    Failure   Level
a - Sandblast             Erth           100%       2d20      1%          1
b - Stone Arrow           Conj/Erth      100%       3d13      1%          3

Your spell library contained the following spells:

 Spells                   Type           Power      Damage    Failure   Level
 Passwall                 Tmut/Erth      30%        N/A       1%          2
 Searing Ray              Conj           100%       2d8       1%          2
 Conjure Flame            Conj/Fire      32%        6-21      1%          3
 Petrify                  Tmut/Erth      37%        N/A       3%          4
 Sting                    Tmut/Pois      44%        1d5       6%          1
 Hailstorm                Conj/Ice       32%        3d8       6%          4
 Iskenderun's Mystic Bla  Conj/Tloc      32%        2d8       6%          4
 Sticky Flame             Conj/Fire      32%        2d5       6%          4
 Ensorcelled Hibernation  Hex/Ice        18%        N/A       11%         2
 Poisonous Vapours        Pois/Air       18%        N/A       11%         2
 Fireball                 Conj/Fire      16%        3d8       17%         5
 Lightning Bolt           Conj/Air       16%        1d30      17%         5
 Ignite Poison            Fire/Tmut/Pois 10%        N/A       19%         3
 Spider Form              Tmut/Pois      11%        N/A       19%         3
 Portal Projectile        Hex/Tloc       18%        N/A       22%         3
 Ice Form                 Ice/Tmut       11%        N/A       52%         4
 Airstrike                Air            4%         N/A       56%         4
 Anguish                  Hex/Necr       4%         N/A       56%         4
 Olgreb's Toxic Radiance  Pois           9%         N/A       56%         4
 Summon Lightning Spire   Summ/Air       9%         N/A       56%         4
 Starburst                Conj/Fire      16%        6d6       67%         6
 Blade Hands              Tmut           6%         N/A       82%         5
 Excruciating Wounds      Necr           4%         N/A       89%         5
 Simulacrum               Ice/Necr       4%         N/A       100%        6
 Malign Gateway           Summ/Tloc      4%         N/A       100%        7
 Summon Horrible Things   Summ           4%         N/A       100%        8


Dungeon Overview and Level Annotations

Branches:
Dungeon (12/15)              Lair (5/6) D:11          Swamp (0/4) Lair:3
 Spider (0/4) Lair:4      Ossuary (visited)           IceCv (visited)
 Temple: D:4-7        Slime: Lair:5-6       Orc: D:9-12

Altars:
Ashenzari
Dithmenos
Elyvilon
Fedhas
Makhleb
Qazlal
Trog
Vehumet
Wu Jian
Xom
Yredelemnul
Jiyva

Annotations:
D:8 3 runed translucent doors, Kaptain's ghost, novice GrEE
Lair:2 2 transporters, Haxyobbu's ghost, journeyman MiFi
Lair:4 Kirke


Innate Abilities, Weirdness & Mutations

You are a filthy swine.
You move quickly.
Your equipment is almost entirely melded.
You are incapable of wielding weapons or throwing items.
You cannot cast spells.
You are immune to sickness and miasma.
((Your stone body is resilient. (AC +10)))
You are immune to poison.
((Your large and strong wings let you fly.))
You resist negative energy. (rN+)
((You are resistant to electric shocks. (rElec)))
You are resistant to unholy torment.
You are immune to petrification.


Message History

You feel hot and cold all over.
You can't do that in your present form.
Unknown command.
You can't do that in your present form.
Unknown command.
Okay, then.
Something hits you!
The blink frog blinks!
Aiming: Iceblast
Press: ? - help, Shift-Dir - straight line The mass of ice explodes!
The iceblast engulfs something!
Something hits you!
Unknown command.
You hear some strange, mumbled words.
You feel as though you will be slow longer.
You hear some strange, mumbled words.
You feel a momentary urge to oink.
The blink frog blinks!
The blink frog blinks!
You enter the shallow water.
Moving in this stuff is going to be slow.
The blink frog blinks!
The blink frog blinks!
You hear some strange, mumbled words.
Something tries to affect you, but you resist.
You hear some strange, mumbled words.
Something summons a manticore!
The manticore flicks its tail.
The volley of spikes hits you!
The barbed spikes become lodged in your body.
Something hits you!
You feel much better.
The blink frog hits you! x2; Something hits you!
* * * LOW HITPOINT WARNING * * *
You feel much better. The blink frog misses you.
The manticore flicks its tail.
The volley of spikes hits you!
The barbed spikes become lodged in your body.
Something hits you!
* * * LOW HITPOINT WARNING * * *
The blink frog hits you!!
You die...

.............###..#####..........
.................................
.................................
.................................
.#.#.#..P.#..≈≈≈.................
.########...≈≈≈≈≈....^#....#.#+.#
.# ###..≈≈≈≈≈H.####....####.##
†## ###P#..≈≈≈≈≈≈.####...########
..###.P.#.≈≈≈≈≈≈h...#............
..†.F.....≈≈≈≈≈.F...###...#......
.####..##.≈≈≈≈≈≈....##...........
.# #.###..≈≈≈≈≈...####...#..#..#
.####.# #..≈≈≈≈...####...........
..##..####..≈≈..........####.##.#
...#..P.##.......................
.................................
.................................


You could see a manticore (summoned) and a blink frog.

Vanquished Creatures
  A frost giant (IceCv)
  6 hydras
  3 boulder beetles
  3 two-headed ogres
  8 death yaks
  A manticore (D:11)
  2 ugly things
  6 elephants (Lair:2)
  Maurice (D:8)
  A centaur zombie (D:11)
  4 black mambas
  9 cane toads
  2 torpor snails
  An ice statue (IceCv)
  A gargoyle (D:10)
  Maggie (D:6)
  9 rime drakes
  2 kobold demonologists (D:11)
  7 komodo dragons
  7 polar bears
  A hornet (D:9)
  A tyrant leech (Lair:3)
  4 dream sheep (Lair:3)
  19 blink frogs
  4 wyverns
  4 hogs
  6 basilisks
  58 yaks
  9 water moccasins
  An orc warrior (D:10)
  2 ice beasts
  3 sky beasts (D:6)
  2 ogres
  12 wolves
  3 centaurs
  2 phantoms
  2 kobold brigands
  4 scorpions
  10 bullfrogs
  2 gnoll sergeants (D:9)
  A water moccasin zombie (D:5)
  A water moccasin skeleton (D:4)
  14 killer bees
  3 howler monkeys (D:9)
  4 hounds
  A gnoll shaman (D:9)
  A jelly (D:6)
  An orc priest (D:5)
  A centaur skeleton (D:5)
  3 iguanas
  Natasha (thrice) (D:3)
  6 orc wizards
  2 wolf simulacra (Lair:3)
  13 mummies (Ossuary)
  Robin (D:3)
  A howler monkey zombie (D:9)
  A howler monkey skeleton (D:4)
  8 adders
  17 gnolls
  2 white imps
  2 ufetubi (D:4)
  An adder skeleton (D:4)
  A dart slug (D:5)
  21 orcs
  4 bats
  8 endoplasms
  5 giant cockroaches
  18 goblins
  8 hobgoblins
  2 quokkas
  9 ball pythons
  5 frilled lizards
  A gnoll skeleton (Ossuary)
  A goblin skeleton (Ossuary)
  22 kobolds
  4 kobold skeletons (Ossuary)
  2 orc skeletons (Ossuary)
  5 rats
  11 rat skeletons (Ossuary)
438 creatures vanquished.

Vanquished Creatures (collateral kills)
  A yak (IceCv)
1 creature vanquished.

Vanquished Creatures (others)
  16 fungi
  41 plants
57 creatures vanquished.

Grand Total: 496 creatures vanquished

Notes
Turn   | Place    | Note
-------+----------+-------------------------------------------
     0 | D:1      | Kaptain the Gargoyle Earth Elementalist began the quest for
                  | the Orb.
     0 | D:1      | Reached XP level 1. HP: 10/10 MP: 3/3
   248 | D:1      | Reached XP level 2. HP: 6/16 MP: 0/5
  1367 | D:1      | Reached skill level 1 in Fighting
  1456 | D:1      | Reached XP level 3. HP: 20/20 MP: 4/6
  1460 | D:1      | Learned a level 3 spell: Stone Arrow
  1628 | D:2      | Reached skill level 4 in Earth Magic
  1789 | D:2      | Reached skill level 1 in Conjurations
  1951 | D:2      | Found a faded altar of an unknown god.
  2611 | D:3      | Reached skill level 1 in Armour
  2615 | D:3      | Reached XP level 4. HP: 19/25 MP: 7/7
  3290 | D:3      | Reached XP level 5. HP: 25/30 MP: 3/9
  3493 | D:3      | Noticed Natasha
  3500 | D:3      | Killed Natasha
  3597 | D:3      | Noticed Natasha
  3606 | D:3      | Killed Natasha
  3681 | D:3      | Noticed Natasha
  3686 | D:3      | Killed Natasha
  3687 | D:3      | Reached XP level 6. HP: 29/36 MP: 6/10
  3928 | D:3      | Noticed Robin
  3979 | D:3      | Killed Robin
  4580 | D:4      | Reached skill level 5 in Earth Magic
  5120 | D:4      | Reached XP level 7. HP: 34/41 MP: 0/12
  5687 | D:5      | Entered Level 5 of the Dungeon
  6495 | D:5      | Reached XP level 8. HP: 48/48 MP: 2/14
  6598 | D:5      | Got the Compendium of Destructive Heat
  6887 | D:5      | Reached skill level 6 in Earth Magic
  7418 | D:6      | Found a blossoming altar of Fedhas.
  7420 | D:6      | Found a broken altar of Ashenzari.
  7421 | D:6      | Found an ornate altar of the Wu Jian Council.
  7464 | D:6      | Noticed Maggie
  7473 | D:6      | Killed Maggie
  7714 | D:6      | Found a sand-covered staircase.
  7719 | Ossuary  | Entered an ossuary
  8034 | Ossuary  | Reached skill level 5 in Fighting
  8072 | Ossuary  | Reached skill level 5 in Conjurations
  8742 | D:6      | Found a stormy altar of Qazlal.
  8746 | D:6      | Reached XP level 9. HP: 54/54 MP: 13/16
  8798 | D:6      | Reached skill level 5 in Spellcasting
  8798 | D:6      | Reached skill level 7 in Earth Magic
  9459 | D:6      | Found a radiant altar of Vehumet.
  9500 | D:7      | You fall into a shaft and drop 1 floor!
  9982 | D:8      | Reached skill level 1 in Shields
 10272 | D:8      | Reached skill level 8 in Earth Magic
 10323 | D:8      | Found a bloodstained altar of Trog.
 10324 | D:8      | Found a shimmering altar of Xom.
 10328 | D:8      | Found a burning altar of Makhleb.
 10329 | D:8      | Found a shadowy altar of Dithmenos.
 10329 | D:8      | Found a basalt altar of Yredelemnul.
 10345 | D:8      | Found a runed translucent gate.
 10345 | D:8      | Found a runed translucent gate.
 10345 | D:8      | Noticed Kaptain's ghost (novice GrEE)
 10346 | D:8      | Found a runed translucent gate.
 10414 | D:8      | Noticed Maurice
 10419 | D:8      | Killed Maurice
 10420 | D:8      | Reached XP level 10. HP: 57/61 MP: 5/18
 10691 | D:8      | Found a viscous altar of Jiyva.
 11783 | D:10     | Entered Level 10 of the Dungeon
 11807 | D:10     | Noticed a gargoyle
 11818 | D:10     | Killed a gargoyle
 11986 | D:10     | Noticed a two-headed ogre
 11991 | D:10     | Killed a two-headed ogre
 11991 | D:10     | Noticed a two-headed ogre
 11992 | D:10     | Reached skill level 5 in Armour
 12015 | D:10     | Killed a two-headed ogre
 12016 | D:10     | Reached skill level 9 in Earth Magic
 12243 | D:10     | Reached XP level 11. HP: 61/68 MP: 0/21
 12394 | D:10     | Noticed a boulder beetle
 12460 | D:10     | Found a white marble altar of Elyvilon.
 12758 | D:10     | Killed a boulder beetle
 13188 | D:11     | Noticed a cyan ugly thing
 13196 | D:11     | Killed a cyan ugly thing
 13340 | D:11     | Noticed a manticore
 13344 | D:11     | Killed a manticore
 13576 | D:11     | Found a staircase to the Lair.
 13576 | D:11     | Noticed a death yak
 13833 | D:10     | Killed a death yak
 13835 | D:10     | Reached skill level 10 in Earth Magic
 14176 | D:11     | Reached skill level 5 in Dodging
 14791 | D:12     | Noticed a two-headed ogre
 14796 | D:11     | Killed a two-headed ogre
 14851 | Lair:1   | Entered Level 1 of the Lair of Beasts
 15028 | Lair:1   | Reached XP level 12. HP: 76/76 MP: 11/23
 16108 | Lair:2   | Found a transporter.
 16121 | Lair:2   | Noticed a spriggan berserker
 16122 | Lair:2   | Found a transporter.
 16123 | Lair:2   | Noticed Haxyobbu's ghost (journeyman MiFi)
 16136 | Lair:2   | Found a bloodstained altar of Trog.
 16202 | Lair:2   | Reached skill level 5 in Shields
 16305 | Lair:2   | Reached skill level 11 in Earth Magic
 16934 | Lair:2   | Noticed a boulder beetle
 17565 | Lair:2   | Noticed a four-headed hydra
 17573 | Lair:2   | Reached skill level 10 in Fighting
 17588 | Lair:2   | Killed a four-headed hydra
 17589 | Lair:2   | Reached skill level 10 in Conjurations
 17937 | Lair:3   | Found a frozen archway.
 17950 | IceCv    | Entered an ice cave
 17962 | IceCv    | Reached XP level 13. HP: 44/83 MP: 2/25
 18118 | IceCv    | Reached skill level 12 in Earth Magic
 19566 | IceCv    | Noticed a frost giant
 19591 | IceCv    | Killed a frost giant
 20625 | Lair:2   | Identified the +10 rapier "Faocidgh" {vamp, Str+5 Stlth+}
 22244 | Lair:3   | Found a staircase to the Swamp.
 22524 | Lair:3   | Reached skill level 13 in Earth Magic
 22524 | Lair:3   | Gained mutation: Your large and strong wings let you fly.
                  | [Gargoyle growth]
 22524 | Lair:3   | Reached XP level 14. HP: 90/90 MP: 14/27
 22526 | Lair:3   | Reached skill level 10 in Spellcasting
 23805 | Lair:4   | Found a hole to the Spider Nest.
 25141 | Lair:5   | Identified the +4 long sword "Ycziap" {flame, rC+ rN+ Will-
                  | Stlth+}
 25757 | Lair:5   | Noticed Kirke
 26182 | Lair:4   | Slain by a blink frog

Illustrated notes

Levels and vault maps discovered:
D:1:      dpeg_arrival_another_circle, layout_loops_ring
D:2:      layout_loops_corners, basic_ecumenical_altar
D:3:      layout_basic, minmay_snake_closets, uniq_natasha, uniq_robin
D:4:      layout_basic, minmay_misc_feat_rugged, chequers_serial_rivers_room_a
D:5:      layout_basic
D:6:      layout_loops_cross, chequers_temple_overflow_statue_of_worship,
          mainiacjoe_overflow_alcove_1, nicolae_overflow_crystal_walls,
          enter_ossuary_5, uniq_maggie
D:7:      layout_basic, minmay_temple_entry_mini_moons
D:8:      layout_basic, grunt_temple_overflow_open, gammafunk_ghost_ooze,
          kennysheep_donut, dk_noncrumbling_3, uniq_maurice
D:9:      layout_cross, enter_bailey_4
D:10:     layout_basic, nicolae_elyvilon_peaceful_grove
D:11:     layout_rooms, david_lair_generic
D:12:     layout_roguey [special_room_bee], orc_david_3
Lair:1:   layout_chaotic_city
Lair:2:   nzn_winding_woodlands_stair_cross
          [nzn_winding_woodlands_5x15_split_checker,
          nzn_winding_woodlands_center_triple_pond,
          nzn_winding_woodlands_5x15_longhouse,
          nzn_winding_woodlands_5x5_closed_star,
          nzn_winding_woodlands_hourglass, nzn_winding_woodlands_5x15_pool,
          nzn_winding_woodlands_center_garden,
          nzn_winding_woodlands_5x15_sidewinder], layout_chaotic_city,
          gammafunk_ghost_wrathful_warriors
Lair:3:   layout_small_grid, minmay_swamp_entry_worms,
          portal_ice_cave_entry_ice_simulacra
Lair:4:   layout_regular_city, spider_nest_entry_web_field,
          columned_hall_lemuel, infiniplex_staircase_pool
Lair:5:   layout_misc_corridors, uniq_kirke

Skill      XL: |  1  2  3  4  5  6  7  8  9 10 11 12 13 14 |
---------------+-------------------------------------------+-----
Fighting       | 1 2 3 4 5 6 7 9 10 11 12 | 12.0
Earth Magic    | 4 5 6 8 9 10 11 13 | 13.5
Conjurations   | 1 2 3 4 5 6 7 9 10 11 12 | 12.0
Armour         | 1 2 3 4 5 6 7 8 |  8.4
Dodging        | 2 3 4 5 6 |  6.8
Spellcasting   | 3 4 5 6 7 8 9 10 | 10.4
Shields        | 2 3 4 5 6 |  6.1
Stealth        | |  2.1
Transmutations | |  0.7

Action                   |  1- 3 |  4- 6 |  7- 9 | 10-12 | 13-15 || total
-------------------------+-------+-------+-------+-------+-------++-------
Melee: Short sword       |    39 |   102 |       |     2 |     4 ||   147
       Staff             |    38 |     1 |    32 |    31 |     7 ||   109
       Punch             |       |     1 |       |       |       ||     1
       Rapier            |       |       |       |       |    27 ||    27
       Morningstar       |       |       |       |       |     1 ||     1
 Cast: Sandblast         |    28 |    62 |    62 |   241 |    62 ||   455
       Stone Arrow       |       |     7 |    96 |   164 |   291 ||   558
Evoke: Wand              |       |       |     1 |     3 |    10 ||    14
       Phantom mirror    |       |       |       |     1 |       ||     1
  Use: Scroll            |       |       |    10 |    12 |     3 ||    25
       Potion            |       |       |     6 |       |     6 ||    12
 Stab: Sleeping          |     3 |     4 |       |       |       ||     7
Armor: Robe              |    23 |    61 |     6 |       |       ||    90
       Leather armour    |       |       |     7 |       |       ||     7
       Steam dragon scal |       |       |    22 |   178 |   154 ||   354
Dodge: Dodged            |    61 |    79 |    48 |   215 |   147 ||   550
Block: Kite shield       |       |       |       |       |    75 ||    75
